 Dungeon Crawl Stone Soup version 0.21-a0-110-g8e1637b (webtiles) character file.

6475 Leszczynek the Cleaver (level 10, -3/94 HPs)
             Began as a Deep Dwarf Fighter on July 8, 2017.
             Was a Priest of Makhleb.
             Slain by a two-headed ogre
             ... wielding a +0 giant spiked club
              (13 damage)
             ... on level 10 of the Dungeon.
             The game lasted 00:22:39 (3103 turns).

Leszczynek the Cleaver (Deep Dwarf Fighter)         Turns: 3103, Time: 00:22:40

Health: -3/94      AC:  9    Str: 22    XL:     10   Next: 68%
Magic:  5/5        EV: 11    Int:  9    God:    Makhleb [***...]
Gold:   147        SH: 11    Dex: 13    Spells: 9/9 levels left

rFire    + . .     SeeInvis .   a - +1 war axe
rCold    . . .     Gourm    .   c - +0 shield
rNeg     . . .     Faith    .   l - +2 ring mail {rF+}
rPois    .         Spirit   .   j - +0 helmet
rElec    .         Reflect  .   (no cloak)
rCorr    +         Harm     .   (no gloves)
MR       +....                  (no boots)
Stlth    +.........             (no amulet)
HPRegen  0.00/turn              y - ring of resist corrosion
MPRegen  0.09/turn              (no ring)

@: non-regenerating
A: damage resistance, heal wounds, sense surroundings 2, no regeneration
a: Heal Wounds, Minor Destruction, Lesser Servant of Makhleb, Renounce Religion


You were on level 10 of the Dungeon.
You worshipped Makhleb.
Makhleb was most pleased with you.
You were not hungry.

You visited 2 branches of the dungeon, and saw 12 of its levels.
You also visited: Bailey.

You collected 355 gold pieces.
You spent 208 gold pieces at shops.

Inventory:

Hand Weapons
 a - a +1 war axe (weapon)
 q - a +0 morningstar
Missiles
 A - 5 throwing nets (quivered)
Armour
 c - a +0 shield (worn)
 j - a +0 helmet (worn)
 l - a +2 ring mail of fire resistance (worn)
 v - a +0 plate armour
Jewellery
 y - a ring of resist corrosion (left hand)
Wands
 o - a wand of lightning (0/15)
 z - a wand of digging (15/24)
 B - a wand of flame (24/48)
Scrolls
 b - 3 scrolls of teleportation
 g - a scroll of remove curse {@r2}
 k - a scroll of magic mapping
 D - a scroll of fear
 E - a scroll of fog
Potions
 p - a potion of curing {@q1}
 s - a potion of magic {unknown}
 u - 2 potions of mutation {!q}
 w - a potion of flight {unknown}
 x - a potion of haste {unknown}
Comestibles
 d - a bread ration
 f - 3 chunks of flesh
 m - 4 meat rations
 n - 15 fruits
 t - 5 royal jellies


   Skills:
 + Level 7.3 Fighting
 - Level 12.0 Axes
 - Level 6.6 Armour
 - Level 4.0 Dodging
 - Level 7.1 Shields
 * Level 4.7 Invocations


You had 9 spell levels left.
You didn't know any spells.

Dungeon Overview and Level Annotations

Branches:
Dungeon (11/15)            Temple (1/1) D:5            Lair (0/6) D:8
    Orc (0/2) D:11

Altars:
Dithmenos
Fedhas
Hepliaklqana
Makhleb
Okawaru
Sif Muna
Trog
Xom

Shops:
D:9 :}:??


Innate Abilities, Weirdness & Mutations

You are resistant to damage.
You can heal yourself by infusing magical energy.
You passively map the area around you.
You do not regenerate.


Message History

The two-headed ogre is heavily wounded.
You closely miss the kobold. You slash the kobold!
You kill the kobold!
Makhleb accepts your kill.
You feel better.
Your smoke demon hits the two-headed ogre. x3
The kobold completely misses you.
The kobold hits your smoke demon but does no damage.
The two-headed ogre barely misses your smoke demon.
The two-headed ogre hits your smoke demon but does no damage.
You hit the two-headed ogre.
The two-headed ogre is severely wounded.
You miss the kobold.
Your smoke demon gestures at the two-headed ogre.
The two-headed ogre is smitten.
The kobold closely misses you.
The kobold hits your smoke demon but does no damage.
The two-headed ogre hits you with a giant spiked club!!
* * * LOW HITPOINT WARNING * * *
The two-headed ogre hits you with a giant club!
You die...

........############.. *
####.##..............#* *
_. #..#..............# ..
#..#..............#
.#,#..#<.............# .#
#.##..............######
.###..)>.........(K.......#
p..............)K3.)......#
................@O........#
................$(........#
..........................#
#####......#######.>......#
#...#......# #........#
#...#......# #........#
'...#......# #........#
#...#......# #........#
#...# ,,. #...)....#


You could see a two-headed ogre, 2 kobolds and a friendly smoke demon.

Vanquished Creatures
  A two-headed ogre (D:8)
  A deep elf mage (D:11)
  A cyclops (D:9)
  Joseph (D:7)
  A hippogriff (D:9)
  2 dream sheep (D:9)
  A wyvern (D:11)
  2 yaks (D:9)
  Eustachio (D:6)
  A steam dragon (D:8)
  2 hell hounds (D:8)
  A water moccasin (D:9)
  4 orc warriors
  An ice beast (D:8)
  3 sky beasts
  A necrophage (D:9)
  2 centaurs (D:9)
  4 big kobolds
  4 bullfrogs
  A crocodile (D:9)
  5 killer bees
  A scorpion (D:7)
  6 wights
  2 howler monkeys
  2 crimson imps
  4 hounds
  A centaur zombie (D:8)
  2 jellies
  2 bullfrog skeletons
  6 orc priests
  2 orc wizards
  A centaur skeleton (D:9)
  2 iguanas
  4 worker ants
  A killer bee zombie (D:8)
  A hound zombie (D:9)
  3 hound skeletons
  9 gnolls
  7 adders
  2 shadow imps
  An adder skeleton (D:8)
  An adder zombie (D:9)
  2 worms (D:3)
  3 dart slugs
  A leopard gecko (D:4)
  24 orcs
  2 ball pythons
  4 giant cockroaches
  4 goblins
  4 hobgoblins
  2 jackals (D:9)
  2 quokkas
  2 bats
  A frilled lizard (D:2)
  23 kobolds
  3 rats (D:2)
177 creatures vanquished.

Vanquished Creatures (collateral kills)
  A big kobold (D:10)
1 creature vanquished.

Vanquished Creatures (others)
  A howler monkey skeleton (D:8)
1 creature vanquished.

Grand Total: 179 creatures vanquished

Notes
Turn   | Place    | Note
-------+----------+-------------------------------------------
     0 | D:1      | Leszczynek the Deep Dwarf Fighter began the quest for the Orb.
     0 | D:1      | Reached XP level 1. HP: 20/20 MP: 1/1
    82 | D:2      | Reached skill level 3 in Axes
    85 | D:2      | Reached XP level 2. HP: 21/27 MP: 2/2
   140 | D:1      | Reached XP level 3. HP: 21/33 MP: 3/3
   154 | D:1      | Reached skill level 4 in Axes
   357 | D:2      | You fall through a shaft!
   359 | D:3      | well that's one way to go down
   388 | D:3      | Reached XP level 4. HP: 24/40 MP: 3/3
   392 | D:3      | Reached skill level 5 in Axes
   558 | D:4      | Reached XP level 5. HP: 41/46 MP: 4/4
   563 | D:4      | Reached skill level 6 in Axes
   618 | D:5      | Entered Level 5 of the Dungeon
   698 | D:6      | Reached skill level 7 in Axes
   698 | D:6      | Reached XP level 6. HP: 27/55 MP: 5/5
   732 | D:6      | Noticed a sky beast
   742 | D:6      | Killed a sky beast
   744 | D:6      | Noticed Eustachio
   745 | D:6      | Noticed an orc warrior
   776 | D:6      | Killed Eustachio
   776 | D:6      | Reached skill level 8 in Axes
   776 | D:6      | Reached XP level 7. HP: 44/61 MP: 6/6
   806 | D:6      | Reached skill level 9 in Axes
   853 | D:5      | Found a staircase to the Ecumenical Temple.
   875 | Temple   | Entered the Ecumenical Temple
   888 | Temple   | Became a worshipper of Makhleb the Destroyer
   889 | Temple   | under 1k, but only because i was diving
   995 | D:6      | Reached skill level 3 in Fighting
  1005 | D:6      | wow, already know might, agility, HW and curing
  1005 | D:6      | nice
  1126 | D:7      | Noticed Joseph
  1136 | D:7      | Reached skill level 4 in Fighting
  1145 | D:7      | Killed Joseph
  1145 | D:7      | Reached skill level 5 in Fighting
  1145 | D:7      | Reached XP level 8. HP: 51/75 MP: 7/7
  1158 | D:7      | Reached skill level 1 in Dodging
  1223 | D:8      | Reached skill level 2 in Dodging
  1333 | D:8      | Reached skill level 4 in Shields
  1384 | D:8      | Noticed a two-headed ogre
  1392 | D:8      | HP: 9/75 [two-headed ogre/giant club (14)]
  1395 | D:8      | HP: 4/75 [two-headed ogre/giant club (23)]
  1416 | D:8      | Killed a two-headed ogre
  1416 | D:8      | Reached skill level 3 in Dodging
  1416 | D:8      | Reached skill level 5 in Shields
  1416 | D:8      | Gained mutation: You passively map the area around you. [Deep Dwarf growth]
  1416 | D:8      | Reached XP level 9. HP: 26/81 MP: 4/4
  1422 | D:8      | Reached skill level 6 in Shields
  1431 | D:8      | Reached skill level 4 in Dodging
  1533 | D:8      | Found a staircase to the Lair.
  1589 | D:8      | Reached * piety under Makhleb
  1653 | D:8      | Reached skill level 10 in Axes
  1710 | D:8      | Reached skill level 4 in Armour
  1765 | D:8      | Reached skill level 7 in Shields
  1836 | D:9      | SHOPS
  1864 | D:9      | Noticed a cyclops
  1866 | D:8      | ....
  1906 | D:9      | oh god
  1906 | D:9      | HP: 8/82 [cyclops/large rock (38)]
  1999 | D:9      | Reached skill level 6 in Fighting
  1999 | D:9      | Reached skill level 5 in Armour
  2016 | D:9      | Reached ** piety under Makhleb
  2016 | D:9      | Reached skill level 11 in Axes
  2021 | D:9      | Killed a cyclops
  2021 | D:9      | Reached XP level 10. HP: 79/92 MP: 3/3
  2159 | D:9      | Found a flagged portal.
  2169 | Bailey   | Entered a bailey
  2169 | Bailey   | Noticed an orc knight
  2170 | Bailey   | ehhh
  2176 | D:9      | i wasted consumables on hurrying there and it turned out to be undoable
  2255 | D:9      | Found Byru's Magic Scroll Boutique.
  2263 | D:9      | Bought a scroll of teleportation for 42 gold pieces
  2263 | D:9      | Bought a scroll of teleportation for 42 gold pieces
  2263 | D:9      | Bought a scroll of remove curse for 42 gold pieces
  2263 | D:9      | i need these identified
  2287 | D:9      | Found Totobru's Gadget Shoppe.
  2306 | D:9      | Found Lianasule's Book Shop.
  2327 | D:9      | Found Seeb's Magic Scroll Shop.
  2335 | D:9      | Bought a scroll of fear for 52 gold pieces
  2335 | D:9      | Bought a scroll of fog for 30 gold pieces
  2423 | D:9      | Reached skill level 6 in Armour
  2451 | D:9      | Found Fabbotin's Book Shoppe.
  2587 | D:10     | Entered Level 10 of the Dungeon
  2605 | D:10     | Found an iron altar of Okawaru.
  2723 | D:10     | Reached skill level 12 in Axes
  2729 | D:10     | Reached *** piety under Makhleb
  2796 | D:10     | Noticed a death knight
  2797 | D:10     | fuck
  2970 | D:11     | Reached skill level 7 in Fighting
  2970 | D:11     | Reached skill level 1 in Invocations
  2992 | D:11     | Reached skill level 2 in Invocations
  3022 | D:11     | Reached skill level 3 in Invocations
  3051 | D:11     | Noticed a deep elf mage
  3060 | D:11     | Killed a deep elf mage
  3060 | D:11     | Reached skill level 4 in Invocations
  3090 | D:10     | Noticed a two-headed ogre
  3103 | D:10     | HP: 10/94 [two-headed ogre/giant spiked club (19)]
  3103 | D:10     | Slain by a two-headed ogre

Vault maps used:
D:1:      saegor_arrival_simple_b
D:3:      nrook_mini_vaults
D:4:      nicolae_overflow_crystal_walls, nicolae_tso_carved_into_rock
D:5:      minmay_temple_entry_statues, first_bread, uniq_menkaure,
          uniq_blork_the_orc, uniq_crazy_yiuf_cottage
D:6:      kennysheep_generic_room_7, uniq_eustachio
D:7:      uniq_joseph
D:8:      minmay_the_grid_triangle_9x9_rhombus_thin, minmay_lair_entry_lava
D:9:      serial_shops, shop_scrolls, shop, shop, shop, shop, enter_bailey_8,
          hangedman_ranch, minivault_1
D:10:     okawaru_humans
D:11:     wad_statue_garden, bh_hangedman_babel_library
Temple:   compressed_dpeg_circular_temple
Bailey:   bailey_polearm_4, bailey

Skill      XL: |  1  2  3  4  5  6  7  8  9 10 |
---------------+-------------------------------+-----
Axes           | 3 4 5 7 8 9 11 12 | 12.0
Fighting       | 5 6 7 |  7.3
Dodging        | 3 4 |  4.0
Shields        | 5 7 |  7.1
Armour         | 5 6 |  6.6
Invocations    | 4 |  4.7

Action                   |  1- 3 |  4- 6 |  7- 9 | 10-12 || total
-------------------------+-------+-------+-------+-------++-------
Melee: War axe           |    78 |    98 |   227 |   188 ||   591
Throw: Throwing net      |       |       |       |     1 ||     1
Invok: Lesser Servant of |       |       |       |     1 ||     1
 Abil: Heal Wounds       |     1 |     2 |    26 |     3 ||    32
Evoke: Wand              |       |       |    12 |       ||    12
  Use: Scroll            |       |       |     8 |     6 ||    14
       Potion            |       |       |     4 |       ||     4
  Eat: Chunk             |       |       |     4 |     4 ||     8
Armor: Scale mail        |    31 |    88 |    75 |     1 ||   195
       Ring mail         |       |       |       |    48 ||    48
Dodge: Dodged            |    21 |    34 |   103 |    68 ||   226
Block: Shield            |    36 |    78 |   171 |   114 ||   399
